 Dungeon Crawl Stone Soup version 0.30-a0-719-gcc4359ea44 (webtiles) character file.

Game seed: 7321636660072817556

17028 Newt the Grappler (level 12, -3/136 HPs)
             Began as a Demonspawn Gladiator on Jan 26, 2023.
             Was a High Priest of Okawaru.
             Slain by a skeletal warrior
             ... wielding a +0 flail
              (5 damage)
             ... on level 12 of the Dungeon.
             The game lasted 00:20:06 (13177 turns).

Newt the Grappler (Demonspawn Gladiator)           Turns: 13177, Time: 00:20:06

Health: -3/136     AC: 11    Str: 18    XL:     12   Next: 15%
Magic:  12/12      EV: 18    Int: 10    God:    Okawaru [*****.]
Gold:   860        SH:  0    Dex: 32    Spells: 11/11 levels left

rFire   . . .      SeeInvis .    n - +2 demon blade of Okawaru's Approval {pain, rC+ Dex+4}
rCold   + . .      Faith    .    (no shield)
rNeg    . . .      Spirit   .    P - +3 leather armour
rPois   .          Reflect  .    G - +0 hat {Will+}
rElec   .          Harm     .    A - +0 cloak
rCorr   .          Rampage  .    (gloves unavailable)
Will    +....                    k - +0 pair of boots Stlth
                                 q - amulet of regeneration
HPRegen 1.22/turn                t - +6 ring of dexterity
MPRegen 0.13/turn                K - +6 ring of dexterity

@: berserking, hasted, very quick
A: claws 3, icy blue scales 2, ignite blood 2
a: Renounce Religion, Heroism, Finesse, Duel


You were on level 12 of the Dungeon.
You worshipped Okawaru.
Okawaru was extremely pleased with you.
You visited 2 branches of the dungeon, and saw 13 of its levels.

You collected 860 gold pieces.

Inventory:

Hand Weapons
 a - a +0 rapier of protection
 m - a +2 dagger of speed
 n - the +2 demon blade of Okawaru's Approval (weapon) {pain, rC+ Dex+4}
   (Okawaru gifted it to you on level 9 of the Dungeon)

   Dex:       It affects your dexterity (+4).
   rC:        It protects you from cold.
 H - a +3 whip of electrocution
 I - a +2 flail of venom
 N - a +0 hand axe of venom
 U - a +4 great mace of venom
Missiles
 e - 2 throwing nets
 g - 11 poisoned darts
 v - 5 boomerangs (quivered)
 J - 2 atropa-tipped darts
 Q - a curare-tipped dart
 R - a javelin
Armour
 b - a +1 leather armour
 c - a +0 helmet
 k - a +0 pair of boots (worn)
 s - a scarf of repulsion
 A - a +0 cloak (worn)
 G - a +0 hat of willpower (worn)
 P - a +3 leather armour (worn)
 X - a +0 cloak
Jewellery
 q - an amulet of regeneration (around neck)
 t - a +6 ring of dexterity (left claw)
 B - a ring of protection from fire
 D - a +6 ring of dexterity
 E - a ring of protection from cold
 K - a +6 ring of dexterity (right claw)
 M - a +6 ring of dexterity
 V - a +5 ring of evasion
 Y - a +6 ring of strength
Wands
 d - a wand of digging (6)
 l - a wand of iceblast (10)
 T - a wand of flame (3)
Scrolls
 p - 2 scrolls of fog
 u - 4 scrolls of magic mapping
 x - 2 scrolls of immolation
 y - a scroll of enchant armour
 z - 3 scrolls of amnesia
 F - 4 scrolls of identify
 L - a scroll of brand weapon
 O - a scroll of blinking
 W - a scroll of enchant weapon
Potions
 f - a potion of degeneration
 h - 3 potions of haste
 i - 2 potions of ambrosia
 j - 3 potions of flight
 o - a potion of berserk rage
 r - 3 potions of attraction
 w - a potion of magic
 C - a potion of mutation
 S - 4 potions of curing


   Skills:
 - Level 7.0 Fighting
 - Level 4.0(6.7) Short Blades
 + Level 8.5(8.9) Long Blades
 - Level 6.0 Maces & Flails
 - Level 6.0 Throwing
 - Level 4.0 Armour
 - Level 6.0 Dodging
 - Level 2.0 Stealth
 - Level 9.0 Unarmed Combat
 - Level 5.0 Evocations


You had 11 spell levels left.
You didn't know any spells.
Your spell library contained the following spells:

 Spells                   Type           Power      Damage    Failure   Level
 Magic Dart               Conj           0%         1d3       41%         1
 Blink                    Tloc           0%         N/A       56%         2
 Mephitic Cloud           Conj/Pois/Air  0%         N/A       80%         3
 Manifold Assault         Tloc           0%         N/A       99%         4
 Storm Form               Tmut/Air       0%         N/A       100%        7
 Call Imp                 Summ           Unusable   N/A       N/A         2

Dungeon Overview and Level Annotations

Branches:
Dungeon (12/15)            Temple (1/1) D:4            Lair (0/5) D:10
    Orc (0/2) D:9

Altars:
Ashenzari
Cheibriados
Dithmenos
Fedhas
Hepliaklqana
Kikubaaqudgha
Makhleb
Nemelex Xobeh
Okawaru
Qazlal
Ru
Sif Muna
Trog
Uskayaw
Vehumet
Wu Jian
Xom
Yredelemnul

Shops:
D:7 [

Annotations:
Temple 2 transporters


Innate Abilities, Weirdness & Mutations

You have claws for hands.
You are mostly covered in icy blue scales. (AC +3)
Your demonic aura often causes spilled blood to erupt in flames.


Message History

You slice the skeletal warrior!!
The skeletal warrior is heavily damaged.
The skeletal warrior completely misses you.
You barely miss the skeletal warrior.
The skeletal warrior is heavily damaged.
The skeletal warrior hits you with a +0 battleaxe!!
* * * LOW HITPOINT WARNING * * *
Okay, then.
You feel yourself speed up.
The skeletal warrior closely misses you.
A red film seems to cover your vision as you go berserk!
You feel yourself moving faster!
You feel mighty!
Unknown command.
You slice the skeletal warrior!!
The skeletal warrior is almost destroyed.
The skeletal warrior closely misses you.
You slash the skeletal warrior!
The skeletal warrior is almost destroyed.
The skeletal warrior hits you with a +0 battleaxe!!
* * * LOW HITPOINT WARNING * * *
You hit the skeletal warrior but do no damage.
You claw the skeletal warrior.
You destroy the skeletal warrior!
Okawaru accepts your kill.
You are too berserk!
You are too berserk!
The skeletal warrior misses you.
Things that are here:
a +0 battleaxe; a +0 flail You slash the skeletal warrior!
You claw the skeletal warrior!
The skeletal warrior is heavily damaged.
You slash the skeletal warrior!
You claw the skeletal warrior, but do no damage.
The skeletal warrior is severely damaged.
The skeletal warrior hits you with a +0 flail!
* * * LOW HITPOINT WARNING * * *
You slash the skeletal warrior!
The skeletal warrior is almost destroyed.
The skeletal warrior hits you with a +0 flail.
You die...

###############
..............#♣♣♣♣
###.........#.'z@☼♣
#...####.z###♣♣♣♣
#...# #..# #...#
#z.# #...# #..#
#...# #.z# #...#
#).# #..# #..# #.


You could see a skeletal warrior.

Vanquished Creatures
  Gastronok (D:9)
  Erolcha (D:9)
  4 two-headed ogres
  A centaur warrior (D:11)
  2 boulder beetles
  2 skeletal warriors (D:12)
  An ugly thing (D:12)
  A cyclops (D:11)
  Joseph (D:10)
  2 gargoyles (D:11)
  A komodo dragon (D:12)
  An unseen horror (D:10)
  3 trolls
  Grinder (D:4)
  A vampire (D:12)
  A wraith (D:11)
  2 wyverns (D:11)
  7 yaks (D:9)
  A basilisk (D:12)
  A steam dragon (D:8)
  Edmund (D:4)
  2 wargs (D:9)
  3 water moccasins
  2 black bears
  5 orc warriors
  3 sky beasts
  An ogre (D:5)
  2 ice beasts
  2 centaurs
  3 kobold brigands
  A necrophage (D:8)
  6 bullfrogs
  2 gnoll sergeants
  4 scorpions
  8 wights
  6 killer bees
  2 howler monkeys (D:8)
  A gnoll bouda (D:9)
  2 jellies
  Crazy Yiuf (D:7)
  6 orc priests
  2 hounds (D:4)
  Ijyb (D:3)
  2 iguanas
  12 orc wizards
  Natasha (D:4)
  Terence (D:2)
  8 adders
  20 gnolls
  A white imp (D:7)
  2 ufetubi
  2 worms
  2 dart slugs
  47 orcs
  4 endoplasms
  2 giant cockroaches
  21 goblins
  25 hobgoblins
  11 jackals
  2 quokkas
  3 ball pythons
  4 bats
  8 frilled lizards
  19 kobolds
  2 rats (D:3)
300 creatures vanquished.

Vanquished Creatures (others)
  A wizard (D:8)
  Maggie (D:9)
  A yak (D:9)
  An orc warrior (D:9)
  A centaur (D:9)
  2 gnolls (D:9)
  A plant (D:2)
8 creatures vanquished.

Grand Total: 308 creatures vanquished

Notes
Turn   | Place    | Note
-------+----------+-------------------------------------------
     0 | D:1      | Newt the Demonspawn Gladiator began the quest for the Orb.
     0 | D:1      | Reached XP level 1. HP: 16/16 MP: 1/1
   182 | D:1      | Reached skill level 1 in Stealth
   293 | D:1      | Gained mutation: You have sharp fingernails. [demonic
                  | ancestry]
   293 | D:1      | Reached XP level 2. HP: 22/22 MP: 2/2
  1147 | D:2      | Reached XP level 3. HP: 28/28 MP: 3/3
  1280 | D:2      | Noticed Terence
  1302 | D:2      | Killed Terence
  1543 | D:3      | Noticed Ijyb
  1561 | D:3      | Gained mutation: Your demonic aura sometimes causes spilled
                  | blood to erupt in flames. [demonic ancestry]
  1561 | D:3      | Reached XP level 4. HP: 35/37 MP: 4/4
  1612 | D:3      | Killed Ijyb
  1857 | D:3      | Found an ornate altar of the Wu Jian Council.
  1905 | D:3      | Reached XP level 5. HP: 37/42 MP: 5/5
  2411 | D:4      | Reached skill level 1 in Armour
  2672 | D:4      | Noticed a water moccasin
  2689 | D:4      | Killed a water moccasin
  2690 | D:4      | Gained mutation: You have very sharp fingernails. [demonic
                  | ancestry]
  2690 | D:4      | Reached XP level 6. HP: 28/48 MP: 6/6
  2784 | D:4      | Noticed Grinder
  2802 | D:4      | Paralysed by Grinder for 4 turns
  2827 | D:4      | Killed Grinder
  2828 | D:4      | Reached XP level 7. HP: 23/54 MP: 7/7
  2867 | D:4      | Found a staircase to the Ecumenical Temple.
  3096 | D:4      | Noticed Natasha
  3108 | D:4      | Killed Natasha
  3276 | D:4      | Noticed Edmund
  3612 | D:4      | Killed Edmund
  3673 | D:4      | Reached skill level 5 in Evocations
  3867 | Temple   | Entered the Ecumenical Temple
  3867 | Temple   | Found a transporter.
  3867 | Temple   | Found a transporter.
  3869 | Temple   | Found a transporter.
  3869 | Temple   | Found a transporter.
  3888 | Temple   | Became a worshipper of Warmaster Okawaru
  3949 | D:5      | Entered Level 5 of the Dungeon
  4007 | D:5      | Gained mutation: You have claws for hands. [demonic
                  | ancestry]
  4007 | D:5      | Reached XP level 8. HP: 53/61 MP: 8/8
  4155 | D:5      | Reached skill level 5 in Fighting
  4201 | D:5      | Found a shadowy altar of Dithmenos.
  5157 | D:6      | Reached * piety under Okawaru
  5158 | D:6      | Reached skill level 1 in Unarmed Combat
  5281 | D:6      | Reached skill level 2 in Unarmed Combat
  5572 | D:6      | Reached skill level 3 in Unarmed Combat
  5602 | D:6      | Found a sparkling altar of Nemelex Xobeh.
  5780 | D:6      | Reached skill level 4 in Unarmed Combat
  5782 | D:6      | Found a shimmering altar of Xom.
  6011 | D:7      | Gained mutation: Your demonic aura often causes spilled
                  | blood to erupt in flames. [demonic ancestry]
  6011 | D:7      | Reached XP level 9. HP: 62/70 MP: 9/9
  6113 | D:7      | Reached ** piety under Okawaru
  6114 | D:7      | Reached skill level 5 in Unarmed Combat
  6520 | D:7      | Found Gad Jeel's Armour Boutique.
  6559 | D:7      | Noticed a two-headed ogre
  6568 | D:7      | Killed a two-headed ogre
  6569 | D:7      | Reached skill level 7 in Unarmed Combat
  6903 | D:7      | Found a runed translucent door.
  6904 | D:7      | Noticed Crazy Yiuf
  7184 | D:7      | Killed Crazy Yiuf
  7321 | D:8      | Reached skill level 8 in Unarmed Combat
  7381 | D:8      | Reached *** piety under Okawaru
  7781 | D:8      | Found a bloodstained altar of Trog.
  7782 | D:8      | Noticed a wizard
  7788 | D:8      | Killed a wizard
  7909 | D:8      | Reached skill level 9 in Unarmed Combat
  7972 | D:8      | Noticed a two-headed ogre
  7992 | D:8      | Killed a two-headed ogre
  7992 | D:8      | Reached **** piety under Okawaru
  7993 | D:8      | Reached XP level 10. HP: 56/79 MP: 10/10
  8265 | D:9      | Noticed Gastronok
  8302 | D:9      | Killed Gastronok
  8419 | D:10     | Entered Level 10 of the Dungeon
  8721 | D:9      | Reached ***** piety under Okawaru
  8788 | D:9      | Reached skill level 5 in Dodging
  8795 | D:9      | Received a gift from Okawaru
  9065 | D:9      | Noticed Maggie
  9075 | D:9      | Killed Maggie
  9082 | D:9      | Reached skill level 1 in Maces & Flails
  9279 | D:9      | Gained mutation: You are partially covered in icy blue
                  | scales. (AC +2) [demonic ancestry]
  9279 | D:9      | Reached XP level 11. HP: 84/84 MP: 11/11
  9295 | D:9      | Found a staircase to the Orcish Mines.
  9815 | D:9      | Noticed Erolcha
  9820 | D:9      | Killed Erolcha
  9820 | D:9      | Identified the +2 demon blade of Okawaru's Approval {pain,
                  | rC+ Dex+4} (Okawaru gifted it to you on level 9 of the
                  | Dungeon)
  9820 | D:9      | Received a gift from Okawaru
  9930 | D:10     | Found a staircase to the Lair.
  9995 | D:10     | Noticed Joseph
 10001 | D:10     | Killed Joseph
 10002 | D:10     | Reached skill level 5 in Maces & Flails
 10349 | D:10     | Found a radiant altar of Vehumet.
 10349 | D:10     | Found a basalt altar of Yredelemnul.
 11125 | D:11     | Noticed a centaur warrior
 11125 | D:11     | Noticed a boulder beetle
 11147 | D:10     | Killed a boulder beetle
 11298 | D:11     | Killed a centaur warrior
 11581 | D:11     | Received a gift from Okawaru
 11587 | D:11     | Reached skill level 5 in Long Blades
 11627 | D:11     | Noticed a boulder beetle
 11656 | D:11     | HP: 4/84 [boulder beetle (15)]
 11659 | D:11     | Killed a boulder beetle
 12357 | D:12     | Noticed a green ugly thing
 12364 | D:12     | Killed a green ugly thing
 12479 | D:12     | Noticed a two-headed ogre
 12487 | D:12     | Killed a two-headed ogre
 12615 | D:12     | Identified the +8 quarterstaff of Nice Purpose {vamp,
                  | Dex+3}
 12639 | D:12     | Identified the +1 arbalest of Diet Blood {freeze, *Corrode
                  | rElec rN+ Int+3 Dex+2} (Okawaru gifted it to you on level
                  | 12 of the Dungeon)
 12639 | D:12     | Received a gift from Okawaru
 12875 | D:12     | Gained mutation: You are mostly covered in icy blue scales.
                  | (AC +3) [demonic ancestry]
 12875 | D:12     | Reached XP level 12. HP: 85/91 MP: 12/12
 12887 | D:12     | Noticed a two-headed ogre
 12897 | D:12     | Killed a two-headed ogre
 13176 | D:12     | HP: 1/136 [skeletal warrior/+0 flail (16)]
 13177 | D:12     | Slain by a skeletal warrior

Illustrated notes

Levels and vault maps discovered:
D:1:      scummos_arrival_star, layout_loops_ring
D:2:      wander_river, layout_loops_ring, serial_forest,
          infiniplex_forest_clump_curved, infiniplex_forest_end_double,
          infiniplex_forest_clump_small, infiniplex_forest_lined_2,
          minmay_misc_feat_roman, uniq_terence
D:3:      layout_basic, nzn_wu_jian_council_hall, nicolae_elevator_lobby_plus,
          uniq_ijyb
D:4:      minmay_goblin_kobold_castle, layout_basic,
          minmay_temple_entry_stoned_glass, uniq_grinder, uniq_natasha,
          uniq_edmund
D:5:      layout_basic, general_overflow_altar, nicolae_dithmenos_shadow_blocks,
          minmay_parallelograms
D:6:      layout_basic, amcnicky_altar_gilded,
          mainiacjoe_overflow_concentric_impassable
D:7:      layout_basic, serial_shops, nicolae_stop_n_shop_1,
          uniq_crazy_yiuf_cottage
D:8:      layout_basic, trog_wizard
D:9:      layout_basic, david_orc_1_choice, uniq_maggie, uniq_erolcha,
          uniq_gastronok
D:10:     layout_basic, lemuel_doored_altar, jmf_multi_god_temple,
          lair_entry_dummy, kennysheep_generic_room_9, uniq_joseph
D:11:     layout_basic, hangedman_decor_diamond_cutter
D:12:     layout_long_grid, special_room [special_room_orc],
          kb_lookout_dungeons_type, kennysheep_flooded_box, minivault_16
Temple:   hellmonk_temple_divided_pantheon

Skill      XL: |  1  2  3  4  5  6  7  8  9 10 11 12 |
---------------+-------------------------------------+-----
Stealth        | 1 2 |  2.0
Fighting       | 3 4 7 |  7.0
Short Blades   | 3 4 |  4.0
Armour         | 2 4 |  4.0
Evocations     | 2 5 |  5.0
Unarmed Combat | 4 9 |  9.0
Throwing       | 3 6 |  6.0
Dodging        | 6 |  6.0
Maces & Flails | 3 6 |  6.0
Long Blades    | 7 8 |  8.5

Action                     |  1- 3 |  4- 6 |  7- 9 | 10-12 || total
---------------------------+-------+-------+-------+-------++-------
  Melee: Rapier            |    50 |       |       |       ||    50
         Dagger            |    73 |   217 |   685 |   173 ||  1148
         Punch             |     2 |     3 |    19 |    41 ||    65
         Whip              |       |       |       |   114 ||   114
         Demon blade       |       |       |       |   236 ||   236
  Throw: Throwing net      |     2 |     2 |     4 |     2 ||    10
         Javelin           |       |     3 |     3 |     1 ||     7
         Dart              |       |     9 |     2 |    17 ||    28
         Boomerang         |       |       |     2 |    25 ||    27
    Use: Scroll            |     8 |     3 |     6 |     3 ||    20
         Potion            |     1 |     6 |     1 |     4 ||    12
   Stab: Sleeping          |     3 |     2 |     4 |     4 ||    13
         Distracted        |       |     1 |       |       ||     1
         Held in net/web   |       |       |     4 |     1 ||     5
         Invisible         |       |       |       |    14 ||    14
 Armour: Leather armour    |    20 |    40 |   123 |   145 ||   328
  Dodge: Dodged            |    61 |   102 |   253 |   500 ||   916
         Repelled          |       |       |       |     4 ||     4

Table legend: (Time is in decaauts)
 A = Elapsed time spent in this place.
 B = Non-inter-level travel time spent in this place.
 C = Inter-level travel time spent in this place.
 D = Time resting spent in this place.
 E = Time spent auto-exploring this place.
 F = Levels seen in this place.
 G = Mean time per level.
                   A        B        C        D        E       F      G
               +--------+--------+--------+--------+--------+-----+--------+
         Total |  12653 |  12149 |    504 |   2107 |   7786 |  13 |  973.3 |
       Dungeon |  12614 |  12121 |    493 |   2107 |   7781 |  12 | 1051.2 |
        Temple |     38 |     27 |     11 |      0 |      5 |   1 |   38.0 |
               +--------+--------+--------+--------+--------+-----+--------+

Top non-repeatable levels by time:
     D:9: 1762 daAuts
     D:4: 1398 daAuts
    D:10: 1335 daAuts
     D:7: 1145 daAuts
     D:6: 1082 daAuts
    D:11: 1040 daAuts
     D:5: 868 daAuts
    D:12: 864 daAuts
     D:3: 854 daAuts
     D:8: 820 daAuts
     D:2: 733 daAuts
     D:1: 708 daAuts
  Temple: 38 daAuts
